 Dungeon Crawl Stone Soup version 0.24-a0-459-g225fefd530 (webtiles) character file.

Game seed: 3469912384331461331

504 Mrkan the Cudgeler (level 7, -9/44 HPs)
             Began as a Gargoyle Fighter on June 27, 2019.
             Mangled by an ogre
             ... wielding a +0 giant club
              (13 damage)
             ... on level 4 of the Dungeon.
             The game lasted 00:03:21 (1865 turns).

Mrkan the Cudgeler (Gargoyle Fighter)               Turns: 1865, Time: 00:03:22

Health: -9/44      AC: 15    Str: 21    XL:     7   Next: 17%
Magic:  7/7        EV:  5    Int:  8    God:
Gold:   93         SH: 10    Dex: 10    Spells: 6/6 levels left

rFire    . . .     SeeInvis .   a - +0 flail
rCold    . . .     Gourm    .   c - +0 shield
rNeg     + . .     Faith    .   s - +0 chain mail
rPois    ∞         Spirit   .   i - +0 helmet
rElec    +         Reflect  .   (no cloak)
rCorr    .         Harm     .   (no gloves)
MR       .....                  (no boots)
Stlth    ..........             (no amulet)
HPRegen  0.14/turn              (no ring)
MPRegen  0.10/turn              (no ring)

@: no status effects
A: negative energy resistance 1, electricity resistance, unbreathing,
petrification resistance, rot immunity, AC +4
a: no special abilities


You were on level 4 of the Dungeon.
You were hungry.

You visited 1 branch of the dungeon, and saw 4 of its levels.

You collected 93 gold pieces.

Inventory:

Hand Weapons
 a - a +0 flail (weapon)
Armour
 b - the cursed +0 scale mail of the Ego {Regen+ rCorr, unknown}
   (You found it on level 4 of the Dungeon)

   It increases your rate of regeneration.
   It provides partial protection from all sources of acid and corrosion.
   It has a curse placed upon it.
 c - a +0 shield (worn)
 i - a +0 helmet (worn)
 s - a +0 chain mail (worn)
Scrolls
 e - 2 scrolls of amnesia {unknown}
 g - 3 scrolls of teleportation {unknown}
 h - 8 scrolls of identify {unknown}
 j - a scroll of magic mapping {unknown}
 m - a scroll of remove curse {unknown}
 o - a scroll of enchant armour {unknown}
 r - a scroll of fear {unknown}
Potions
 d - a potion of might
 k - a potion of mutation {unknown}
 l - a potion of magic {unknown}
 p - a potion of resistance {unknown}
 q - a potion of agility {unknown}
Comestibles
 f - 7 rations


   Skills:
 + Level 5.1 Fighting
 * Level 5.5 Maces & Flails
 - Level 3.2 Armour
 + Level 5.1 Shields


You had 6 spell levels left.
You didn't know any spells.
Your spell library was empty.

Dungeon Overview and Level Annotations

Branches:
Dungeon (4/15)
 Temple: D:4-7

Altars:

Annotations:
D:3 2 runed translucent doors, sour's ghost, amateur DrTm


Innate Abilities, Weirdness & Mutations

You are resistant to torment.
Your stone body is resilient. (AC +4)
You are immune to poison.
You resist negative energy. (rN+)
You are resistant to electric shocks. (rElec)
You can survive without breathing.
You are immune to petrification.
You are immune to rotting.


Message History

You kill the ogre!
Your Fighting skill increases to level 5!
You have reached level 7!
Found a ration.
Found a stone staircase leading down.
You see here a +0 giant club.
An ogre comes into view. It is wielding a +0 giant club.
You hit the ogre.
The ogre is lightly wounded.
You block the ogre's attack.
You hit the ogre.
The ogre is moderately wounded.
The ogre hits you with a +0 giant club!
You hit the ogre.
The ogre is moderately wounded.
The ogre hits you with a +0 giant club!
* * * LOW HITPOINT WARNING * * *
You sock the ogre!
The ogre is almost dead.
The ogre hits you with a +0 giant club!
You die...

.. ......## #....
#. #+##...####....
#.##.)....'.......
#..#.##...#####...
#.#.##...# #...
######...######
#... #........#
#####...
#.......>#
#.......
#....@..##
#....... #....O..#
#....... #.......#
#....... #.......#
#....... #^......#
#....... #.......#
#....... #########
#....... ########


You could see an ogre.

Vanquished Creatures
  An ice beast (D:4)
  A sky beast (D:3)
  An ogre (D:4)
  A scorpion (D:4)
  Jessica (D:2)
  Terence (D:2)
  A gnoll (D:1)
  6 adders (D:3)
  2 oozes
  3 worms
  A dart slug (D:1)
  3 leopard geckos
  2 giant cockroaches
  4 goblins
  7 hobgoblins
  5 kobolds
  A ball python (D:3)
  7 bats
  A frilled lizard (D:2)
  12 rats
61 creatures vanquished.

Notes
Turn   | Place    | Note
-------+----------+-------------------------------------------
     0 | D:1      | Mrkan the Gargoyle Fighter began the quest for the Orb.
     0 | D:1      | Reached XP level 1. HP: 14/14 MP: 1/1
   151 | D:1      | Reached XP level 2. HP: 13/19 MP: 2/2
   238 | D:1      | Reached XP level 3. HP: 20/23 MP: 3/3
   720 | D:2      | Noticed Jessica
   760 | D:2      | Killed Jessica
   760 | D:2      | Reached XP level 4. HP: 18/29 MP: 4/4
   854 | D:2      | Noticed Terence
   871 | D:2      | Killed Terence
  1203 | D:3      | Reached XP level 5. HP: 28/33 MP: 5/5
  1309 | D:3      | Noticed a sky beast
  1327 | D:3      | Killed a sky beast
  1327 | D:3      | Reached XP level 6. HP: 25/39 MP: 6/6
  1556 | D:3      | Found a large runed translucent door.
  1557 | D:3      | Found a large runed translucent door.
  1558 | D:3      | Noticed sour's ghost (amateur DrTm)
  1786 | D:4      | Noticed an ice beast
  1800 | D:4      | Got a scorched scale mail
  1813 | D:4      | Killed an ice beast
  1813 | D:4      | Reached skill level 5 in Maces & Flails
  1813 | D:4      | Reached skill level 5 in Shields
  1853 | D:4      | Reached skill level 5 in Fighting
  1853 | D:4      | Reached XP level 7. HP: 28/44 MP: 7/7
  1865 | D:4      | Mangled by an ogre

Levels and vault maps discovered:
D:1:      giann_horns, layout_basic, minmay_tetromino_s4
D:2:      layout_basic, uniq_jessica, uniq_terence
D:3:      layout_rooms, first_ration, ebering_ghost_disaster_area
D:4:      layout_basic, serial_shops, kennysheep_mini_moat, kennysheep_dice

Skill      XL: |  1  2  3  4  5  6 |
---------------+-------------------+-----
Maces & Flails | 3 4 5 |  5.5
Fighting       | 4 5 |  5.1
Shields        | 4 5 |  5.1
Armour         | |  3.2

Action                   |  1- 3 |  4- 6 |  7- 9 || total
-------------------------+-------+-------+-------++-------
Melee: Flail             |   109 |   187 |     4 ||   300
  Eat: Chunk             |       |     3 |       ||     3
Armor: Scale mail        |    55 |    51 |       ||   106
       Chain mail        |       |    51 |       ||    51
Dodge: Dodged            |    36 |    68 |       ||   104
Block: Shield            |    68 |   104 |     1 ||   173

Table legend:
 A = Non-vault XP
 B = Vault XP
 C = Vault XP percentage of total XP
 D = Non-vault monster count
 E = Vault monster count
 F = Vault count percentage of total count
                 A         B        C        D         E       F
            +---------+---------+-------+---------+---------+-------
      Total |     644 |      77 |  10.7 |      57 |       4 |   6.6
            +---------+---------+-------+---------+---------+-------
        D:1 |      50 |       4 |   7.4 |      19 |       2 |   9.5
        D:2 |      35 |      73 |  67.6 |      16 |       2 |  11.1
        D:3 |     237 |       0 |   0.0 |      19 |       0 |   0.0
        D:4 |     322 |       0 |   0.0 |       3 |       0 |   0.0
            +---------+---------+-------+---------+---------+-------
